 Dungeon Crawl Stone Soup version 0.27-a0-406-g23f261fbd2 (webtiles) character file.

Game seed: 9648566493063125291

303 Abmis123 the Firebug (level 6, -30/47 HPs)
             Began as a Human Fire Elementalist on Feb 22, 2021.
             Engulfed by a cloud of flame (31 damage)
             ... on level 3 of the Dungeon.
             The game lasted 00:27:01 (5500 turns).

Abmis123 the Firebug (Human Fire Elementalist)      Turns: 5500, Time: 00:27:02

Health: -30/47     AC:  2    Str:  9    XL:     6   Next: 65%
Magic:  3/9        EV: 12    Int: 17    God:
Gold:   184        SH:  0    Dex: 13    Spells: 5/9 levels left

rFire    . . .     SeeInvis .   p - +1 dagger (elec)
rCold    . . .     Faith    .   (no shield)
rNeg     . . .     Spirit   .   a - +0 robe
rPois    .         Reflect  .   (no helmet)
rElec    .         Harm     .   (no cloak)
rCorr    .         Rampage  .   (no gloves)
Will     .....                  (no boots)
Stlth    +.........             (no amulet)
HPRegen  0.15/turn              (no ring)
MPRegen  0.11/turn              (no ring)

@: confused
A: no striking features
a: no special abilities


You were on level 3 of the Dungeon.
You visited 1 branch of the dungeon, and saw 3 of its levels.

You collected 184 gold pieces.

Inventory:

Hand Weapons
 m - a +0 dagger
 p - a +1 dagger of electrocution (weapon)
 t - a +0 hunting sling
 u - a +0 whip of holy wrath
 v - a +1 short sword of draining
Missiles
 b - 65 stones
 c - 60 bolts
 d - 23 boomerangs
 l - 2 throwing nets
 o - 18 sling bullets
 y - 19 arrows
Armour
 a - a +0 robe (worn)
Jewellery
 r - a ring of fire
Wands
 w - a wand of acid (10)
Scrolls
 f - a scroll of immolation {unknown}
 g - a scroll of amnesia {unknown}
 h - a scroll of enchant weapon
 q - a scroll of blinking {unknown}
 s - a scroll of teleportation
 x - a scroll of identify
Potions
 e - a potion of resistance
 i - a potion of cancellation
 j - a potion of berserk rage
 k - a potion of degeneration {unknown}
 n - 2 potions of mutation


   Skills:
 + Level 3.1 Fighting
 - Level 2.0 Dodging
 - Level 2.1 Stealth
 - Level 2.0 Spellcasting
 * Level 2.5 Conjurations
 + Level 2.7 Hexes
 + Level 4.5 Fire Magic


You had 5 spell levels left.
You knew the following spells:

 Your Spells              Type           Power        Failure   Level
a - Foxfire               Conj/Fire      52%          4%          1
b - Inner Flame           Hex/Fire       14%          13%         3

Your spell library contained the following spells:

 Spells                   Type           Power        Failure   Level
 Conjure Flame            Conj/Fire      13%          14%         3
 Sticky Flame             Conj/Fire      13%          41%         4
 Fireball                 Conj/Fire      6%           77%         5


Dungeon Overview and Level Annotations

Branches:
Dungeon (3/15)

Altars:
Elyvilon
Trog
Wu Jian


Message History

Press: ? - help, Shift-Dir - straight line, f - Ijyb
Aim: Ijyb, wielding a +0 club, wearing a +0 leather armour and carrying a wand of charming (4) (wandering, hasn't noticed you, chance to affect: 74%) Ijyb struggles to resist.
Ijyb zaps a wand.
You resist with some effort.
Casting: Inner Flame (dangerous; 14% risk of failure)
Confirm with . or Enter, or press ? or * to list all spells.
Aiming: Inner Flame (dangerous; 14% risk of failure)
Press: ? - help, Shift-Dir - straight line, f/p - Ijyb
Aim: Ijyb, wielding a +0 club, wearing a +0 leather armour and carrying a wand of charming (3) (chance to affect: 74%) Ijyb is filled with an inner flame.
Casting: Foxfire (safe; 4% risk of failure)
Press: ? - help, Q - select action, (/) - cycle Dir - look around, f - activate You conjure some foxfire!
Your foxfire dissipates!
The foxfire hits Ijyb but does no damage.
Ijyb zaps a wand.
Your will is overpowered!
You are confused.
You're too confused to cast spells.
Unknown command.
You bump into the rock wall.
You bump into the rock wall.
Ijyb zaps a wand.
Your will is overpowered!
You are more confused.
Ijyb zaps a wand.
You resist with some effort.
The now-empty wand crumbles to dust.
You bump into the rock wall.
You bump into the rock wall.
You bump into the rock wall.
Ijyb barely misses you.
You're too confused to move!
Ijyb misses you.
You bump into the rock wall.
Ijyb closely misses you.
You hit Ijyb.
Flame seeps out of Ijyb.
Ijyb is lightly wounded.
Ijyb is engulfed in blazing flames.
Flame seeps out of Ijyb.
Ijyb closely misses you.
Ijyb is engulfed in blazing flames.
Ijyb explodes!
The fiery explosion engulfs you!!!
Ouch! That really hurt!
* * * LOW HITPOINT WARNING * * *
You are engulfed in blazing flames.
Ouch! That really hurt!
You die...

##############################
#............................#
#.##########################.#
#.# #.......#.# #.##############
#.####.##.# #.............§# #.#
#....## #..###########@#
###.#####..... #..#...#.....#§#
#.......#...≈≈
#..#.#.#.###.#.###.#.###....###
###..#.#.....#.#.#.#.#.# #..##.#.
.##....#.........#.#.#.###.≈≈##..
..##.#######.#.#.#.#.#.##..≈≈#...
..##.........#.#..........≈≈≈####
..############.#.....#.#..≈≈≈≈≈≈≈
.........#.###.#.#...#.##.≈≈≈≈≈≈≈


There were no monsters in sight!

Vanquished Creatures
  Ijyb (D:3)
  3 orc wizards
  2 worker ants (D:3)
  6 adders
  5 worms
  2 dart slugs
  2 leopard geckos (D:1)
  13 orcs
  A giant cockroach (D:3)
  6 goblins
  8 hobgoblins
  4 jackals (D:2)
  5 kobolds
  A quokka (D:3)
  2 ball pythons (D:3)
  11 bats
  6 frilled lizards
  2 rats (D:2)
80 creatures vanquished.

Vanquished Creatures (others)
  2 bats (D:2)
  A giant cockroach (D:2)
  A goblin (D:2)
  A quokka (D:2)
  239 foxfires
244 creatures vanquished.

Grand Total: 324 creatures vanquished

Notes
Turn   | Place    | Note
-------+----------+-------------------------------------------
     0 | D:1      | Abmis123 the Human Fire Elementalist began the quest for
                  | the Orb.
     0 | D:1      | Reached XP level 1. HP: 13/13 MP: 3/3
   447 | D:1      | Reached XP level 2. HP: 20/20 MP: 3/5
   547 | D:1      | Reached skill level 1 in Fighting
  1168 | D:1      | Reached skill level 1 in Hexes
  1168 | D:1      | Reached XP level 3. HP: 9/27 MP: 0/6
  1369 | D:1      | Learned a level 3 spell: Inner Flame
  1489 | D:2      | Reached XP level 4. HP: 32/33 MP: 2/7
  1584 | D:2      | Found an ornate altar of the Wu Jian Council.
  1604 | D:2      | Noticed a spectral centipede
  1604 | D:2      | Noticed a spectral black mamba
  1604 | D:2      | Noticed a spectral cane toad
  2099 | D:2      | Reached XP level 5. HP: 32/39 MP: 3/8
  2100 | D:2      | Reached skill level 4 in Fire Magic
  2445 | D:2      | Found a bloodstained altar of Trog.
  2541 | D:2      | Found a white marble altar of Elyvilon.
  3058 | D:3      | Noticed Ijyb
  4473 | D:3      | Reached XP level 6. HP: 46/46 MP: 9/9
  5499 | D:3      | Killed Ijyb
  5499 | D:3      | HP: 1/47 [spore (46)]
  5500 | D:3      | Engulfed by a cloud of flame

Illustrated notes

Levels and vault maps discovered:
D:1:      dpeg_arrival_simpleton_a, layout_loops_ring
D:2:      layout_rooms, marbit_many_paths, elyvilon_altar_4,
          pdpol_wu_jian_five_deadly_venoms
D:3:      minmay_diamond_boxcup, layout_basic, grunt_decor_junction, uniq_ijyb

Skill      XL: |  1  2  3  4  5  6 |
---------------+-------------------+-----
Fighting       | 1 2 3 |  3.1
Hexes          | 1 2 |  2.7
Fire Magic     | 4 |  4.5
Conjurations   | 2 |  2.5
Dodging        | |  2.0
Stealth        | |  2.1
Spellcasting   | |  2.0

Action                   |  1- 3 |  4- 6 || total
-------------------------+-------+-------++-------
Melee: Unarmed           |     6 |       ||     6
       Dagger            |       |    66 ||    66
 Cast: Foxfire           |    36 |   111 ||   147
       Inner Flame       |       |     3 ||     3
  Use: Potion            |     2 |     2 ||     4
       Scroll            |       |     6 ||     6
 Stab: Sleeping          |       |     4 ||     4
Armor: Robe              |     8 |    13 ||    21
Dodge: Dodged            |    17 |    57 ||    74

Table legend: (Time is in decaauts)
 A = Elapsed time spent in this place.
 B = Non-inter-level travel time spent in this place.
 C = Inter-level travel time spent in this place.
 D = Time resting spent in this place.
 E = Time spent auto-exploring this place.
 F = Levels seen in this place.
 G = Mean time per level.
                   A        B        C        D        E       F      G
               +--------+--------+--------+--------+--------+-----+--------+
         Total |   5507 |   5313 |    194 |   1943 |   2052 |   3 | 1835.7 |
       Dungeon |   5507 |   5313 |    194 |   1943 |   2052 |   3 | 1835.7 |
               +--------+--------+--------+--------+--------+-----+--------+

Top non-repeatable levels by time:
     D:3: 2674 daAuts
     D:1: 1453 daAuts
     D:2: 1378 daAuts
